 Dungeon Crawl Stone Soup version 0.30-b1-2-g02819fbbbe (webtiles) character file.

Game seed: 13187996792645514309

151 seren the Covered (level 5, -3/48 HPs)
             Began as an Armataur Fighter on Jan 4, 2024.
             Killed by nerve-wracking pain
             ... invoked by Menkaure
              (9 damage)
             ... on level 4 of the Dungeon.
             The game lasted 00:07:05 (2529 turns).

seren the Covered (Armataur Fighter)                Turns: 2529, Time: 00:07:05

Health: -3/48      AC: 16    Str: 24    XL:     5   Next: 11%
Magic:  5/5        EV:  5    Int:  8    God:
Gold:   192        SH:  4    Dex:  9    Spells: 4/4 levels left

rFire   . . .        a - +0 flail
rCold   . . .        c - +0 buckler
rNeg    . . .        b - +0 scale mail
rPois   .            u - +1 hat
rElec   .            m - +0 cloak
rCorr   .            (no gloves)
SInv    .            w - +2 barding "Ryuhe" {+Inv}
Will    .....        n - amulet of regeneration Stlth
                     (no ring)
HPRegen 1.08/turn    (no ring)
MPRegen 0.09/turn

%: roll
@: mighty
A: large, rugged brown scales 3, deformed body, armoured tail, roll, long
tongue, awkward tongue
a: Evoke Invisibility


You were on level 4 of the Dungeon.
You visited 1 branch of the dungeon, and saw 4 of its levels.

You collected 192 gold pieces.

Inventory:

Hand Weapons
 a - a +0 flail (weapon)
 s - the +4 spear of the Magi {heavy, rN+ Str+4}
   (You found it on level 3 of the Dungeon)

   Str:       It affects your strength (+4).
   rN:        It protects you from negative energy.
 v - a +0 heavy mace
Missiles
 h - 35 stones (quivered)
 l - 3 poisoned darts
Armour
 b - a +0 scale mail (worn)
 c - a +0 buckler (worn)
 m - a +0 cloak (worn)
 u - a +1 hat (worn)
 w - the +2 barding "Ryuhe" (worn) {+Inv}
   (You acquired it on level 3 of the Dungeon)

   +Inv:      It lets you turn invisible.
 x - a scarf of invisibility
Jewellery
 n - an amulet of regeneration (around neck)
Wands
 t - a wand of flame (12)
Scrolls
 f - a scroll of fog {unknown}
 g - a scroll of immolation {unknown}
 i - a scroll of fear {unknown}
 k - a scroll of teleportation {unknown}
 o - a scroll of torment {unknown}
 q - 2 scrolls of identify {unknown}
 r - a scroll of poison {unknown}
Potions
 d - a potion of might
 e - 2 potions of degeneration {unknown}
 j - 2 potions of flight {unknown}
 p - 2 potions of resistance {unknown}
 z - a potion of curing {unknown}


   Skills:
 + Level 3.3 Fighting
 * Level 3.1 Maces & Flails
 + Level 4.5 Armour
 + Level 0.1 Dodging
 + Level 4.1 Shields
 + Level 0.3 Evocations


You had 4 spell levels left.
You didn't know any spells.
Your spell library contained the following spells:

 Spells                   Type           Power      Damage    Failure   Level
 Summon Small Mammal      Summ           0%         N/A       77%         1
 Call Canine Familiar     Summ           0%         N/A       98%         3
 Summon Guardian Golem    Hex/Summ       0%         N/A       98%         3


Dungeon Overview and Level Annotations

Branches:
Dungeon (4/15)
 Temple: D:4-7

Altars:
Elyvilon
Xom

Annotations:
D:4 Menkaure


Innate Abilities, Weirdness & Mutations

You are completely covered in rugged brown scales. (AC +3, +7% HP)
Armour fits poorly on your strangely shaped body.
You have a long armoured tail.
You roll when moving toward enemies. (Rampage)
Your long tongue fully drains potion bottles. (2x potion effects)
Your tongue gives you trouble enunciating. (1.5x scroll delay)


Message History

There is a stone staircase leading up here.
Found a club.
Menkaure, Prince of Dust comes into view.
You see here a book of Weapons.
You roll towards Menkaure!
Found a spear.
Menkaure mumbles some strange words.
Menkaure seems to speed up.
You roll towards Menkaure!
Found a book of Alchemy.
Menkaure calls on the powers of darkness!
Your body is wracked with pain!
You roll towards Menkaure!
You hit Menkaure.
Menkaure is lightly damaged.
Menkaure hits you.
You are too injured to fight recklessly!
You hit Menkaure.
Menkaure is lightly damaged.
Menkaure rustles drily.
Menkaure gestures at you while chanting.
You barely resist.
Menkaure blazes with dark energy!
Menkaure barely misses you.
You barely miss Menkaure.
Menkaure is lightly damaged.
Menkaure closely misses you.
You hit Menkaure.
Menkaure is moderately damaged.
Menkaure hits you but does no damage. x2
You barely miss Menkaure.
Menkaure is moderately damaged.
Menkaure gestures at you while chanting.
Pain shoots through your body! Menkaure hits you!
* * * LOW HITPOINT WARNING * * *
You barely miss Menkaure.
Menkaure is moderately damaged.
Menkaure hits you but does no damage.
You feel very mighty all of a sudden.
You slurp down every last drop of the potion of might!
Menkaure gestures at you while chanting.
Pain shoots through your body!
You die...

.#...#.....)..
≈≈≈≈≈≈≈.......... ##
.~.~............ .:
...............# .#
.........##...##.# . .
.......##......##... .
#...#.###.......... .
#...#.:....@M...... .
##.......###...... #
#.....##.#)#......
#.....#..###.#.... ###
##................. .....
##........####..#............
#.........## #..#...........#
##..........###.##........##..
#...........##..###........#..


You could see Menkaure (fast).

Vanquished Creatures
  A jelly (D:4)
  Ijyb (D:3)
  A gnoll (D:1)
  An adder skeleton (D:2)
  A worm (D:2)
  3 dart slugs
  2 orcs (D:3)
  3 endoplasms
  5 giant cockroaches
  6 goblins
  4 hobgoblins
  2 jackals (D:2)
  10 kobolds
  3 quokkas
  6 ball pythons
  2 ball python zombies (D:2)
  6 bats
  4 frilled lizards
  9 rats
70 creatures vanquished.

Notes
Turn   | Place    | Note
-------+----------+-------------------------------------------
     0 | D:1      | seren the Armataur Fighter began the quest for the Orb.
     0 | D:1      | Reached XP level 1. HP: 19/19 MP: 1/1
   147 | D:1      | Reached XP level 2. HP: 23/26 MP: 2/2
   229 | D:1      | Found a faded altar of an unknown god.
   416 | D:1      | Reached XP level 3. HP: 24/33 MP: 3/3
   799 | D:1      | Found a white marble altar of Elyvilon.
  1504 | D:1      | Reached XP level 4. HP: 29/40 MP: 4/4
  1731 | D:3      | Found a shimmering altar of Xom.
  1882 | D:3      | Identified the +4 spear of the Magi {heavy, rN+ Str+4}
  1989 | D:3      | Noticed Ijyb
  2005 | D:3      | Killed Ijyb
  2381 | D:3      | Identified 2 scrolls of acquirement
  2381 | D:3      | Acquired the +2 barding "Ryuhe" {+Inv}
  2388 | D:3      | Acquired a +1 hat
  2492 | D:4      | Reached XP level 5. HP: 48/48 MP: 5/5
  2520 | D:4      | Noticed Menkaure
  2529 | D:4      | Killed from afar by Menkaure

Illustrated notes

Levels and vault maps discovered:
D:1:      dpeg_arrival_water_altar, layout_basic,
          hellmonk_ecumenical_altar_arch_garden, minmay_tetromino_l2
D:2:      layout_basic, serial_undead, serial_undead_b, serial_undead_a,
          serial_undead_d, serial_undead_b
D:3:      layout_basic, mainiacjoe_overflow_catwalk, minivault_5, uniq_ijyb
D:4:      layout_cave_pools, nemelex_diamond_rough_becter,
          mainiacjoe_overflow_small_starburst, serial_glass, glass_columns_a,
          glass_columns_b, item_on_display_a, chequers_serial_rivers_micro_e,
          uniq_menkaure

Skill      XL: |  1  2  3  4 |
---------------+-------------+-----
Maces & Flails | 2 3 |  3.1
Armour         | 4 |  4.5
Fighting       | 3 |  3.3
Shields        | 4 |  4.1
Dodging        | |  0.1
Evocations     | |  0.3

Action                     |  1- 3 |  4- 6 || total
---------------------------+-------+-------++-------
  Melee: Flail             |   128 |    52 ||   180
         Tailslap          |     7 |     5 ||    12
    Use: Scroll            |       |     3 ||     3
         Potion            |       |     1 ||     1
 Armour: Scale mail        |    85 |    20 ||   105
  Dodge: Dodged            |    53 |    14 ||    67
  Block: Buckler           |    40 |     8 ||    48
